PA
WALLA WALLA WALLEYE @ COLUMBIA RIVER RATS
08/30/2032
 
TOP OF THE 1ST
Walla Walla Walleye batting - Pitching for Columbia River Rats : LHP Ramón Cerrillo
Pitching: LHP Ramón Cerrillo
Batting: RHB Dave Sosa 0-0: Ball
1-0: Ball
2-0: Ball
3-0: Called Strike
3-1: Fly out, F6 (Popup, 6M)
Batting: LHB Andrés Rodríguez 0-0: Swinging Strike
0-1: Called Strike
0-2: Ground out 5-3 (Groundball, 56)
Batting: RHB Igme Samson 0-0: Ball
1-0: Ball
2-0: Called Strike
2-1: Foul Ball, location: 2F
2-2: Ball
3-2: Foul Ball, location: 2F
3-2: Base on Balls
Batting: RHB Augusto Manuel 0-0: Called Strike
0-1: Ball
Wild Pitch!
Igme Samson to second
1-1: Called Strike
1-2: Ball
2-2: Ball
3-2: Foul Ball, location: 2F
3-2: Foul Ball, location: 2F
3-2: SINGLE (Line Drive, 89S)
Igme Samson to third
Igme Samson scores
Batting: LHB José Román 0-0: Ball
1-0: Fly out, F8 (Line Drive, 8RM)
Top of the 1st over - 1 run, 1 hit, 0 errors, 1 left on base; Walla Walla 1 - Columbia 0
BOTTOM OF THE 1ST
Columbia River Rats batting - Pitching for Walla Walla Walleye : RHP Greg Fontenot
Pitching: RHP Greg Fontenot
Batting: LHB Landon Harryman 0-0: Ball
1-0: Called Strike
1-1: Ball
2-1: Foul Ball, location: 2F
2-2: Ball
3-2: Fly out, F8 (Flyball, 8LM)
Batting: RHB Ken Moore 0-0: Called Strike
0-1: Swinging Strike
0-2: Foul Ball, location: 2F
0-2: Strikes out swinging
Batting: LHB Félix Calixto 0-0: Foul Ball, location: 2F
0-1: Called Strike
0-2: Ball
1-2: Strikes out looking
Bottom of the 1st over - 0 runs, 0 hits, 0 errors, 0 left on base; Walla Walla 1 - Columbia 0
TOP OF THE 2ND
Walla Walla Walleye batting - Pitching for Columbia River Rats : LHP Ramón Cerrillo
Batting: SHB Gerald Light 0-0: Swinging Strike
0-1: Foul Ball, location: 2F
0-2: Strikes out swinging
Batting: RHB Oliver Villalva 0-0: Ball
1-0: Called Strike
1-1: Ground out 6-3 (Groundball, 6)
Batting: RHB Gustavo Ortíz 0-0: Ball
1-0: Swinging Strike
1-1: Ball
2-1: Fly out, F6 (Popup, 6M)
Top of the 2nd over - 0 runs, 0 hits, 0 errors, 0 left on base; Walla Walla 1 - Columbia 0
BOTTOM OF THE 2ND
Columbia River Rats batting - Pitching for Walla Walla Walleye : RHP Greg Fontenot
Batting: RHB Petri Kallio 0-0: Called Strike
0-1: Swinging Strike
0-2: Ball
1-2: Ball
2-2: Foul Ball, location: 2F
2-2: Ball
3-2: Strikes out swinging
Batting: LHB DeMarvion Overshown 0-0: Called Strike
0-1: Ball
1-1: Ball
2-1: Swinging Strike
2-2: Ball
3-2: Foul Ball, location: 2F
3-2: Strikes out swinging
Batting: RHB Javier Cordero 0-0: Called Strike
0-1: Foul Ball, location: 2F
0-2: Foul Ball, location: 2F
0-2: Ball
1-2: Foul Ball, location: 2F
1-2: Ball
2-2: SINGLE (Line Drive, 8LS)
Batting: RHB Zi-cheng Sun 0-0: Ball
1-0: Ball
2-0: Foul Ball, location: 2F
2-1: Ball
3-1: Foul Ball, location: 2F
3-2: Foul Ball, location: 2F
3-2: Reached on error, E4 (Popup, 4D)
Javier Cordero to second
Batting: RHB José Palma 0-0: Ball
1-0: Ball
2-0: Ball
3-0: Base on Balls
Javier Cordero to third
Zi-cheng Sun to second
Batting: RHB José Lorenzo 0-0: Ball
1-0: Ball
2-0: Ball
3-0: Called Strike
3-1: Base on Balls
Javier Cordero scores
Zi-cheng Sun to third
José Palma to second
Batting: LHB Landon Harryman 0-0: Ball
1-0: Ball
2-0: Called Strike
2-1: Ball
3-1: Foul Ball, location: 2F
3-2: Ground out 5-3 (Groundball, 56S)
Bottom of the 2nd over - 1 run, 1 hit, 1 error, 3 left on base; Walla Walla 1 - Columbia 1
TOP OF THE 3RD
Walla Walla Walleye batting - Pitching for Columbia River Rats : LHP Ramón Cerrillo
Batting: LHB Juan Huerta 0-0: Ball
1-0: Swinging Strike
1-1: Ball
2-1: Called Strike
2-2: Ball
3-2: Foul Ball, location: 2F
3-2: Foul Ball, location: 2F
3-2: Base on Balls
Batting: RHB Dave Sosa 0-0: Ball
1-0: Ball
2-0: Called Strike
2-1: Grounds into double play, 6-4-3 (Groundball, 6)
Batting: LHB Andrés Rodríguez 0-0: Ball
1-0: Swinging Strike
1-1: Ground out 4-3 (Groundball, 4)
Top of the 3rd over - 0 runs, 0 hits, 0 errors, 0 left on base; Walla Walla 1 - Columbia 1
BOTTOM OF THE 3RD
Columbia River Rats batting - Pitching for Walla Walla Walleye : RHP Greg Fontenot
Batting: RHB Ken Moore 0-0: Ball
1-0: SINGLE (Line Drive, 6M)
Batting: LHB Félix Calixto 0-0: Called Strike
0-1: Called Strike
0-2: Ball
1-2: Foul Ball, location: 2F
1-2: Fly out, F4 (Popup, 4M)
Batting: RHB Petri Kallio 0-0: Ball
1-0: Ball
2-0: Fly out, F1 (Line Drive, 13)
Batting: LHB DeMarvion Overshown 0-0: Ball
1-0: Ball
2-0: Ball
3-0: Foul Ball, location: 2F
Balk!
Ken Moore to second
3-1: Base on Balls
Batting: RHB Javier Cordero 0-0: Foul Ball, location: 2F
0-1: Ball
1-1: Called Strike
1-2: Strikes out looking
Bottom of the 3rd over - 0 runs, 1 hit, 0 errors, 2 left on base; Walla Walla 1 - Columbia 1
TOP OF THE 4TH
Walla Walla Walleye batting - Pitching for Columbia River Rats : LHP Ramón Cerrillo
Batting: RHB Igme Samson 0-0: Foul Ball, location: 2F
0-1: Called Strike
0-2: Ball
1-2: Strikes out swinging
Batting: RHB Augusto Manuel 0-0: Ground out 5-3 (Groundball, 5L)
Batting: LHB José Román 0-0: Foul Ball, location: 2F
0-1: SINGLE (Line Drive, 6MD)
Batting: SHB Gerald Light 0-0: Ball
1-0: Ball
2-0: Called Strike
2-1: Ball
3-1: Foul Ball, location: 2F
3-2: Strikes out swinging
Top of the 4th over - 0 runs, 1 hit, 0 errors, 1 left on base; Walla Walla 1 - Columbia 1
BOTTOM OF THE 4TH
Columbia River Rats batting - Pitching for Walla Walla Walleye : RHP Greg Fontenot
Batting: RHB Zi-cheng Sun 0-0: Ground out 1-3 (Groundball, 15S)
Batting: RHB José Palma 0-0: Ball
1-0: Ball
2-0: Swinging Strike
2-1: Called Strike
2-2: Strikes out swinging
Batting: RHB José Lorenzo 0-0: Called Strike
0-1: Ground out 5-3 (Groundball, 56S)
Bottom of the 4th over - 0 runs, 0 hits, 0 errors, 0 left on base; Walla Walla 1 - Columbia 1
TOP OF THE 5TH
Walla Walla Walleye batting - Pitching for Columbia River Rats : LHP Ramón Cerrillo
Batting: RHB Oliver Villalva 0-0: Ball
1-0: Called Strike
1-1: Swinging Strike
1-2: Foul Ball, location: 2F
1-2: Strikes out looking
Batting: RHB Gustavo Ortíz 0-0: Foul Ball, location: 2F
0-1: Called Strike
0-2: Foul Ball, location: 2F
0-2: Foul Ball, location: 2F
0-2: Ball
1-2: Foul Ball, location: 2F
1-2: Fly out, F7 (Flyball, 7LM)
Batting: LHB Juan Huerta 0-0: Ball
1-0: Ball
2-0: Swinging Strike
2-1: Swinging Strike
2-2: Strikes out swinging
Top of the 5th over - 0 runs, 0 hits, 0 errors, 0 left on base; Walla Walla 1 - Columbia 1
BOTTOM OF THE 5TH
Columbia River Rats batting - Pitching for Walla Walla Walleye : RHP Greg Fontenot
Batting: LHB Landon Harryman 0-0: Fly out, F7 (Line Drive, 78M)
Batting: RHB Ken Moore 0-0: Ball
1-0: Fly out, F8 (Flyball, 8LS)
Batting: LHB Félix Calixto 0-0: SINGLE (Line Drive, 78S)
Batting: RHB Petri Kallio 0-0: DOUBLE (Flyball, 8RD)
Félix Calixto to third
Batting: LHB DeMarvion Overshown 0-0: Foul Ball, location: 2F
0-1: Ball
1-1: Ball
2-1: SINGLE (Line Drive, 4MD)
Félix Calixto scores
Petri Kallio to third
Runner from 3rd tries for Home, SAFE, no throw
Batting: RHB Javier Cordero 0-0: Ball
1-0: Fly out, F8 (Flyball, 8LXD)
Bottom of the 5th over - 2 runs, 3 hits, 0 errors, 1 left on base; Walla Walla 1 - Columbia 3
TOP OF THE 6TH
Walla Walla Walleye batting - Pitching for Columbia River Rats : LHP Ramón Cerrillo
Now in RF: Ximena Ortíz
Batting: RHB Dave Sosa 0-0: Ball
1-0: Swinging Strike
1-1: Ground out 4-3 (Groundball, 34)
Batting: LHB Andrés Rodríguez 0-0: Ball
1-0: Swinging Strike
1-1: Fly out, F6 (Popup, 6S)
Batting: RHB Igme Samson 0-0: Ball
1-0: SINGLE (Line Drive, 4MD)
Batting: RHB Augusto Manuel 0-0: Called Strike
0-1: Swinging Strike
0-2: Foul Ball, location: 2F
0-2: Foul Ball, location: 2F
0-2: Strikes out swinging
Top of the 6th over - 0 runs, 1 hit, 0 errors, 1 left on base; Walla Walla 1 - Columbia 3
BOTTOM OF THE 6TH
Columbia River Rats batting - Pitching for Walla Walla Walleye : RHP Greg Fontenot
Batting: RHB Zi-cheng Sun 0-0: Ball
1-0: Called Strike
1-1: Ball
2-1: Fly out, F7 (Flyball, 7LS)
Batting: RHB José Palma 0-0: Ball
1-0: Ball
2-0: Ball
3-0: Called Strike
3-1: Fly out, F9 (Line Drive, 9S)
Batting: RHB José Lorenzo 0-0: Ball
1-0: Foul Ball, location: 2F
1-1: Ball
2-1: Ball
3-1: Swinging Strike
3-2: Strikes out swinging
Bottom of the 6th over - 0 runs, 0 hits, 0 errors, 0 left on base; Walla Walla 1 - Columbia 3
TOP OF THE 7TH
Walla Walla Walleye batting - Pitching for Columbia River Rats : LHP Ramón Cerrillo
Batting: LHB José Román 0-0: Foul Ball, location: 2F
0-1: Ball
1-1: Ground out U3 (Groundball, 3L)
Batting: SHB Gerald Light 0-0: Called Strike
0-1: Foul Ball, location: 2F
0-2: Ball
1-2: Foul Ball, location: 2F
1-2: Foul Ball, location: 2F
1-2: Foul Ball, location: 2F
1-2: Ball
2-2: Ball
3-2: Foul Ball, location: 2F
3-2: Fly out, F7 (Flyball, 7LMF)
Batting: RHB Oliver Villalva 0-0: Swinging Strike
0-1: Ball
1-1: Swinging Strike
1-2: Ball
2-2: Strikes out looking
Top of the 7th over - 0 runs, 0 hits, 0 errors, 0 left on base; Walla Walla 1 - Columbia 3
BOTTOM OF THE 7TH
Columbia River Rats batting - Pitching for Walla Walla Walleye : RHP Greg Fontenot
Pitching: LHP Juan Ibarra
Batting: LHB Landon Harryman 0-0: Ball
1-0: Ball
2-0: Foul Ball, location: 2F
2-1: Ball
3-1: Base on Balls
Batting: RHB Ken Moore 0-0: Bunted foul
0-1: Sac Bunt - play at first, batter safe!
Landon Harryman to second
Batting: LHB Félix Calixto 0-0: Ball
1-0: Ball
2-0: Ball
3-0: Called Strike
3-1: Called Strike
3-2: Reached on error, E4 (Flyball, 34D)
Landon Harryman to third
Ken Moore to second
Batting: RHB Petri Kallio 0-0: Ball
1-0: Foul Ball, location: 2F
1-1: Foul Ball, location: 2F
1-2: Foul Ball, location: 2F
1-2: Ball
2-2: Foul Ball, location: 2F
2-2: Fly out, F7 (Flyball, 78S)
Runner from 3rd tags up, SCORES, no throw
Batting: RHB Ximena Ortíz 0-0: SINGLE (Line Drive, 56D)
Ken Moore to third
Félix Calixto to second
Runner from 3rd tries for Home, throw and OUT!
Batting: RHB Javier Cordero 0-0: Ball
1-0: Foul Ball, location: 2F
1-1: Called Strike
1-2: Foul Ball, location: 2F
1-2: Ball
2-2: Ball
3-2: Base on Balls
Félix Calixto to third
Ximena Ortíz to second
Batting: RHB Zi-cheng Sun 0-0: Ball
1-0: Called Strike
1-1: Ball
2-1: Ball
3-1: Foul Ball, location: 2F
3-2: Strikes out swinging
Bottom of the 7th over - 1 run, 2 hits, 1 error, 3 left on base; Walla Walla 1 - Columbia 4
TOP OF THE 8TH
Walla Walla Walleye batting - Pitching for Columbia River Rats : LHP Ramón Cerrillo
Pitching: LHP Travis Watson
Batting: RHB Gustavo Ortíz 0-0: Ball
1-0: Ball
2-0: SINGLE (Line Drive, 7S)
Batting: LHB Juan Huerta 0-0: Called Strike
0-1: Foul Ball, location: 2F
0-2: Ground out 4-3 (Groundball, 34)
Gustavo Ortíz to second
Batting: RHB Dave Sosa 0-0: Ball
1-0: Ground out 5-3 (Groundball, 56)
Batting: LHB Andrés Rodríguez 0-0: Ball
1-0: Swinging Strike
1-1: Ball
2-1: Fly out, F8 (Flyball, 8LS)
Top of the 8th over - 0 runs, 1 hit, 0 errors, 1 left on base; Walla Walla 1 - Columbia 4
BOTTOM OF THE 8TH
Columbia River Rats batting - Pitching for Walla Walla Walleye : LHP Juan Ibarra
Pitching: RHP Ainanani Oliwa
Batting: RHB José Palma 0-0: Called Strike
0-1: Foul Ball, location: 2F
0-2: Ball
1-2: Foul Ball, location: 2F
1-2: Ball
2-2: Foul Ball, location: 2F
2-2: Ground out U3 (Groundball, 34)
Batting: RHB José Lorenzo 0-0: Ball
1-0: Foul Ball, location: 2F
1-1: Foul Ball, location: 2F
1-2: Foul Ball, location: 2F
1-2: Ball
2-2: Strikes out swinging
Batting: LHB Landon Harryman 0-0: Ball
1-0: Ball
2-0: Ball
3-0: Called Strike
3-1: Ground out 6-3 (Groundball, 6M)
Bottom of the 8th over - 0 runs, 0 hits, 0 errors, 0 left on base; Walla Walla 1 - Columbia 4
TOP OF THE 9TH
Walla Walla Walleye batting - Pitching for Columbia River Rats : LHP Travis Watson
Pitching: RHP Kit Scheetz
Batting: RHB Igme Samson 0-0: Ball
1-0: Foul Ball, location: 2F
1-1: Swinging Strike
1-2: Foul Ball, location: 2F
1-2: Foul Ball, location: 2F
1-2: Strikes out looking
Batting: RHB Augusto Manuel 0-0: Called Strike
0-1: TRIPLE (Line Drive, 89XD)
Batting: LHB José Román 0-0: Ball
1-0: Called Strike
1-1: Foul Ball, location: 2F
1-2: Foul Ball, location: 2F
1-2: Foul Ball, location: 2F
1-2: Strikes out swinging
Batting: SHB Gerald Light 0-0: Fly out, F7 (Flyball, 78M)
Top of the 9th over - 0 runs, 1 hit, 0 errors, 1 left on base; Walla Walla 1 - Columbia 4
Wednesday, September 19th, 2018 - OOTP Baseball 18.8 Build 76